 Dungeon Crawl Stone Soup version 0.23.1 (webtiles) character file.

Game seed: 6157655560809886431

119 Kniotic the Insei (level 4, -1/35 HPs)
             Began as a Demonspawn Monk on Mar 3, 2019.
             Slain by Eustachio
             ... wielding a +1 rapier of holy wrath
              (3 damage)
             ... on level 4 of the Dungeon.
             The game lasted 00:01:46 (2322 turns).

Kniotic the Insei (Demonspawn Monk)                 Turns: 2322, Time: 00:01:46

Health: -1/35      AC:  3    Str: 12      XL:     4   Next: 73%
Magic:  4/4        EV: 13    Int: 11      God:
Gold:   112        SH:  0    Dex: 14 (16) Spells: 3/3 levels left

rFire    . . .     SeeInvis .     - Unarmed
rCold    . . .     Gourm    .   (no shield)
rNeg     . . .     Faith    .   a - +0 robe
rPois    .         Spirit   .   e - +0 helmet
rElec    .         Reflect  .   (no cloak)
rCorr    .         Harm     .   (no gloves)
MR       .....                  (no boots)
Stlth    ++........             (no amulet)
HPRegen  0.11/turn              (no ring)
MPRegen  0.09/turn              (no ring)

@: no status effects
A: spiny 1
a: no special abilities


You were on level 4 of the Dungeon.
You were hungry.

You visited 1 branch of the dungeon, and saw 4 of its levels.

You collected 112 gold pieces.

Inventory:

Armour
 a - a +0 robe (worn)
 e - a +0 helmet (worn)
Jewellery
 l - a cursed ring of attention {unknown}
 p - an uncursed amulet of faith {unknown}
Scrolls
 f - 10 scrolls of identify {unknown}
 h - 2 scrolls of remove curse {unknown}
 i - a scroll of immolation {unknown}
 k - a scroll of enchant weapon {unknown}
 m - 2 scrolls of magic mapping {unknown}
 o - a scroll of blinking {unknown}
 q - 4 scrolls of teleportation {unknown}
 s - a scroll of amnesia {unknown}
Potions
 c - a potion of flight {unknown}
 g - 2 potions of curing {unknown}
 j - a potion of brilliance {unknown}
 n - a potion of haste {unknown}
 r - a potion of resistance {unknown}
Comestibles
 b - 6 rations


   Skills:
 - Level 3.0 Fighting
 - Level 2.6 Dodging
 - Level 1.7 Stealth
 + Level 5.0 Unarmed Combat


You had 3 spell levels left.
You didn't know any spells.
Your spell library was empty.

Dungeon Overview and Level Annotations

Branches:
Dungeon (4/15)
 Temple: D:4-7

Altars:
Trog

Annotations:
D:4 Eustachio


Innate Abilities, Weirdness & Mutations

You are partially covered in sharp spines.


Message History

You barely miss Eustachio.
Eustachio is lightly wounded.
Eustachio misses you.
You hit Eustachio.
Eustachio is lightly wounded.
Eustachio hits you but does no damage.
You barely miss Eustachio.
Eustachio is lightly wounded.
You hit Eustachio but do no damage.
Eustachio is lightly wounded.
Eustachio misses you.
You hit Eustachio.
Eustachio is moderately wounded.
Eustachio barely misses you.
You closely miss Eustachio.
Eustachio is moderately wounded.
Eustachio hits you with a +1 rapier of holy wrath.
* * * LOW HITPOINT WARNING * * *
You convulse.
You die...

#...............##########
#....)..........##........
#.##########....##........ #.#
##....##........ #.#
#.....##........ #####.#####
#.....##†.......
..........#####...###.........
...>............†.............
................@.#..#..[.....
..........######@#.#.#........
...........###.#..##..#.......
...............#.####.#.......
...........###...# .#..?....
.............##### #.........
..........##.# ........
.............# ...
..........####


You could see Eustachio.

Vanquished Creatures
  2 adders
  4 worms
  A dart slug (D:4)
  A leopard gecko (D:3)
  6 orcs (D:3)
  8 bats
  3 giant cockroaches (D:1)
  8 hobgoblins
  11 jackals
  A quokka (D:3)
  A ball python (D:1)
  9 frilled lizards
  6 goblins
  6 kobolds
  13 rats
80 creatures vanquished.

Notes
Turn   | Place    | Note
-------+----------+-------------------------------------------
     0 | D:1      | Kniotic the Demonspawn Monk began the quest for the Orb.
     0 | D:1      | Reached XP level 1. HP: 18/18 MP: 1/1
    49 | D:1      | Reached skill level 3 in Unarmed Combat
    67 | D:1      | Gained mutation: You are partially covered in sharp spines.
                  | [demonic ancestry]
    67 | D:1      | Reached XP level 2. HP: 7/24 MP: 2/2
   920 | D:2      | Reached XP level 3. HP: 29/29 MP: 3/3
  1015 | D:2      | Reached skill level 4 in Unarmed Combat
  1443 | D:3      | Reached XP level 4. HP: 29/35 MP: 4/4
  1684 | D:3      | Noticed a moth of wrath
  1687 | D:3      | Found a bloodstained altar of Trog.
  2081 | D:4      | Noticed Eustachio
  2308 | D:4      | Reached skill level 5 in Unarmed Combat
  2322 | D:4      | Slain by Eustachio

Skill      XL: |  1  2  3  4 |
---------------+-------------+-----
Unarmed Combat | 3 4 5 |  5.0
Fighting       | |  3.0
Dodging        | |  2.6
Stealth        | |  1.7

Action                   |  1- 3 |  4- 6 || total
-------------------------+-------+-------++-------
Melee: Unarmed           |   140 |    55 ||   195
       Punch             |     3 |     3 ||     6
 Stab: Sleeping          |     4 |     1 ||     5
       Distracted        |     1 |       ||     1
  Eat: Chunk             |     2 |     2 ||     4
Armor: Robe              |    24 |    15 ||    39
Dodge: Dodged            |    87 |    37 ||   124
